 Seeded DCSS version 0.32-a0-995-gb4a59205af (webtiles) character file.

Game seed: 202404222 (custom seed)

33208 Orlauf the Cleaver (level 13, -7/105 (111) HPs)
             Began as a Demonspawn Gladiator on Apr 22, 2024.
             Was a Follower of Uskayaw.
             Killed from afar by a bog body (32 damage)
             ... with a bolt of cold
             ... on level 3 of the Lair of Beasts.
             The game lasted 00:21:36 (13902 turns).

Orlauf the Cleaver (Demonspawn Gladiator)          Turns: 13902, Time: 00:21:37

HP:   -7/105 (111)  AC: 28    Str: 21    XL:     13   Next: 35%
MP:   12/20         EV: 22    Int: 19    God:    Uskayaw [*.....]
Gold: 949           SH: 12    Dex: 15    Spells: 12/12 levels left

rFire   + . .        Q - +3 battleaxe (freeze)
rCold   . . .        (shield currently unavailable)
rNeg    . . .        O - +3 plate armour {Will+}
rPois   +            R - +2 helmet {Int+3}
rElec   .            h - +0 cloak
rCorr   .            (no gloves)
SInv    .            B - +1 pair of boots
Will    ++...        v - amulet of the acrobat Stlth
                     i - +4 ring of protection
HPRegen 0.37/turn    s - ring of Geawiqiy {rPois Will+ Str+3 Int+6}
MPRegen 0.17/turn

%: acrobat
@: acrobatic, wreathed by umbra, drained
A: large bone plates 3, condensation shield, demonic touch 1, foul shadow 2,
fire resistance 1
a: Renounce Religion, Stomp


You were on level 3 of the Lair of Beasts.
You worshipped Uskayaw.
Uskayaw was aware of your devotion.
You visited 3 branches of the dungeon, and saw 16 of its levels.
You also visited: Gauntlet.

You collected 1082 gold pieces.
You spent 133 gold pieces at shops.

Inventory:

Hand Weapons
 a - a +3 broad axe of draining
 b - a +4 trident
 f - a +0 war axe
 r - a +0 battleaxe
 K - the +9 war axe of Disarray {drain, ^Fragile MP+9 Int+2 SInv}
   (You took it off a minotaur in a Gauntlet)

   Int+2:     It affects your intelligence (+2).
   MP+9:      It affects your magic capacity (+9).
   SInv:      It lets you see invisible.
   ^Fragile:  It will be destroyed if unequipped.
 Q - a +3 battleaxe of freezing (weapon)
Missiles
 d - a throwing net
 e - 7 javelins
 j - 39 poisoned darts
 I - 6 curare-tipped darts (quivered)
Armour
 h - a +0 cloak (worn)
 t - a +0 plate armour
 B - a +1 pair of boots (worn)
 O - a +3 plate armour of willpower (worn)
 R - a +2 helmet of intelligence (worn)
Jewellery
 i - a +4 ring of protection (left hand)
 o - a +4 ring of protection
 s - the ring of Geawiqiy (right hand) {rPois Will+ Str+3 Int+6}
   (You found it in a Gauntlet)

   [ring of intelligence]

   Str+3:     It affects your strength (+3).
   Int+6:     It affects your intelligence (+6).
   rPois:     It protects you from poison.
   Will+:     It increases your willpower.
 v - an amulet of the acrobat (around neck)
 H - a +6 ring of intelligence
 J - a ring of see invisible
 P - the ring "Sor Voe" {^Drain rF+ rC+ rN++ rCorr}
   (You found it in a Gauntlet)

   [ring of protection from fire]

   rF+:       It protects you from fire.
   rC+:       It protects you from cold.
   rN++:      It greatly protects you from negative energy.
   rCorr:     It protects you from acid and corrosion.
   ^Drain:    It drains your maximum health when unequipped.
Wands
 p - a wand of flame (47)
 w - a wand of digging (8)
 y - a wand of charming (14)
Scrolls
 k - 3 scrolls of enchant armour
 u - a scroll of poison
 z - 3 scrolls of fear
 A - 3 scrolls of blinking
 C - a scroll of immolation
 E - 5 scrolls of identify
 G - 2 scrolls of butterflies
 L - a scroll of revelation
Potions
 c - a potion of haste
 g - 5 potions of magic
 l - 2 potions of invisibility
 m - a potion of ambrosia
 n - 3 potions of lignification
 q - a potion of brilliance
 x - a potion of enlightenment
 D - 2 potions of curing
 F - 3 potions of attraction
 M - a potion of mutation


   Skills:
 + Level 13.4 Fighting
 + Level 13.6 Axes
 - Level 1.7 Throwing
 * Level 9.5 Armour
 - Level 2.6 Dodging
 + Level 10.5 Invocations


You had 12 spell levels left.
You didn't know any spells.
Your spell library contained the following spells:

 Spells                   Type           Power      Damage    Failure   Level
 Apportation              Tloc           0%         N/A       97%         1
 Freeze                   Ice            0%         1d3       97%         1
 Shock                    Conj/Air       0%         1d3       97%         1
 Sting                    Conj/Alch      0%         1d3       97%         1
 Jinxbite                 Hex            0%         N/A       99%         2
 Mercury Vapours          Alch/Air       0%         N/A       99%         2
 Frozen Ramparts          Ice            0%         1d1       100%        3
 Hailstorm                Conj/Ice       0%         3d5       100%        3
 Mephitic Cloud           Conj/Alch/Air  0%         N/A       100%        3
 Swiftness                Air            0%         N/A       100%        3
 Teleport Other           Tloc           0%         N/A       100%        3
 Airstrike                Air            0%         2d(0-16)  100%        4
 Ignite Poison            Fire/Alch      0%         N/A       100%        4
 Leda's Liquefaction      Alch/Erth      0%         N/A       100%        4
 Olgreb's Toxic Radiance  Alch           0%         N/A       100%        4
 Passage of Golubria      Tloc           0%         N/A       100%        4
 Petrify                  Alch/Erth      0%         N/A       100%        4
 Sticky Flame             Fire/Alch      0%         2d4       100%        4
 Vhi's Electric Charge    Tloc/Air       0%         N/A       100%        4
 Alistair's Intoxication  Alch           0%         N/A       100%        5
 Arcjolt                  Conj/Air       0%         1d10      100%        5
 Freezing Cloud           Conj/Ice/Air   0%         6-21      100%        5
 Iskenderun's Battlesphe  Conj           0%         2d6       100%        5
 Metabolic Englaciation   Hex/Ice        0%         N/A       100%        5
 Silence                  Hex/Air        0%         N/A       100%        5
 Yara's Violent Unravell  Hex/Alch       0%         3d3       100%        5
 Bombard                  Conj/Erth      0%         9d1       100%        6
 Dispersal                Tloc           0%         N/A       100%        6
 Gell's Gavotte           Tloc           0%         2d(11-16) 100%        6
 Plasma Beam              Fire/Air       0%         2x1d10    100%        6
 Enfeeble                 Hex            0%         N/A       100%        7
 Malign Gateway           Summ/Tloc      0%         N/A       100%        7
 Manifold Assault         Tloc           0%         N/A       100%        7
 Spellforged Servitor     Conj/Summ      0%         N/A       100%        7
 Disjunction              Tloc           0%         N/A       100%        8
 Fulsome Fusillade        Conj/Alch      0%         (3-5)d4   100%        8
 Ignition                 Fire           0%         3d3       100%        8
 Lehudib's Crystal Spear  Conj/Erth      0%         10d2      100%        8


Dungeon Overview and Level Annotations

Branches:
Dungeon (12/15)            Temple (1/1) D:7            Lair (3/5) D:8
  Snake (0/4) Lair:2          Orc (0/2) D:9         Gauntlet (visited)
  Swamp: Lair:2-3    Shoals: Lair:2-3

Altars:
Ashenzari
Cheibriados
Dithmenos
Fedhas
Gozag
Hepliaklqana
Kikubaaqudgha
Makhleb
Nemelex Xobeh
Okawaru
Qazlal
Ru
Sif Muna
Trog
Uskayaw
Vehumet
Wu Jian
Xom
Yredelemnul

Shops:
D:1 ?   D:6 :   D:11 ?

Portals:
Abyss: D:4

Annotations:
D:4 2 transporters, DrKenneth's ghost, amateur MiFi
D:6 2 transporters, DasBelly's ghost, novice TrSh
Lair:3 Amaemon


Innate Abilities, Weirdness & Mutations

You are completely covered in large bone plates. (SH +8)
A meltable shield of frost defends you. (SH +4)
Your touch may inflict minor irresistible damage on your foes.
You are shadowed, sometimes releasing foul flame when damaged in melee.
Your flesh is heat resistant. (rF+)


Message History

The bog body barely misses you. You block the elephant's attack.
The elephant trunk-slaps you but does no damage.
You hit the elephant but do no damage. You hit the bog body.
You freeze the bog body. You slash the elephant! You freeze the elephant.
You block the bog body's attack.
The elephant tramples you but does no damage.
The elephant trunk-slaps you but does no damage.
The elephant tramples you but does no damage.
The elephant trunk-slaps you but does no damage.
You slash the bog body! You freeze the bog body.
The bog body is almost destroyed.
You hit the elephant but do no damage. x2; You slash the elephant!
You freeze the elephant. You block the bog body's attack.
The elephant tramples you but does no damage.
The elephant trunk-slaps you but does no damage.
The elephant tramples you!
* * * LOW HITPOINT WARNING * * *
You hold your ground!
The elephant barely misses you. x2
The elephant trunk-slaps you but does no damage.
Aiming: Grand Finale
Press: ? - help, Shift-Dir - straight line, f - elephant
Aim: an elephant The elephant explodes violently!!!
You blow up the elephant!
The elephant tramples you!
* * * LOW HITPOINT WARNING * * *
You stumble backwards!
An orange demon comes into view.
You feel much better.
The elephant tramples you but does no damage.
You block the elephant's attack.
Amaemon the Diabolical Poisoner comes into view.
He is wielding a +1 demon whip of venom.
As you read the scroll of fear, it crumbles to dust.
You assume a fearsome visage.
The bog body is unaffected.
Amaemon looks frightened!
The orange demon looks frightened!
The elephant looks frightened! x4
The bog body points at you and mumbles some strange words.
The bolt of cold hits you!!
You die...
Your body falls in perfect tune with the rhythm.

..P.P.......#P.##..#)......
...P.......................
..!........##...#.#..#..##.
............#.####.)..###
................Y.).......
.......#...#.P..)Y###.P.P#
...............n...........
...#..##.#.#...Y.........##
...........@....Y......>...
.........<.#...##P.P###....
........†............. .
..#P...........####P..
#...##........# #..#
................ .
............#... ..
..4......##..# ...........
..


You could see 4 elephants, an orange demon (fleeing) and a bog body.

Vanquished Creatures
  A minotaur (Gauntlet)
  A blizzard demon (Gauntlet)
  4 two-headed ogres
  4 boulder beetles
  A thrashing horror (Gauntlet)
  Nergalle (Lair:3)
  Sonja (Lair:2)
  A sixfirhy (Gauntlet)
  3 skeletal warriors (D:12)
  2 deep elf pyromancers (D:12)
  An ugly thing (D:12)
  Joseph (D:8)
  2 black mambas (Lair:2)
  2 manticores (D:12)
  11 elephants
  5 cane toads
  Maggie (D:7)
  3 gargoyles
  3 rime drakes
  Jeremiah (D:8)
  2 kobold demonologists
  3 komodo dragons
  2 trolls
  A hornet (D:8)
  A tarantella (shapeshifter) (D:12)
  2 vampires
  6 wyverns
  18 yaks
  2 basilisks
  2 small abominations (Gauntlet)
  4 acid dragons
  2 nagas (Lair:2)
  2 water moccasins
  2 black bears
  8 orc warriors
  2 sky beasts (D:8)
  2 ogres
  5 centaurs
  A phantom (D:5)
  7 kobold brigands
  4 bullfrogs
  2 gnoll sergeants
  4 scorpions
  4 killer bees (D:10)
  3 howler monkeys
  4 hounds
  4 jellies
  12 orc priests
  A sleepcap (D:6)
  Jessica (D:3)
  An iguana (D:5)
  11 orc wizards
  23 gnolls
  7 adders
  A shadow imp (D:6)
  9 ufetubi
  A dart slug (D:4)
  2 ribbon worms
  60 orcs
  3 ball pythons
  2 endoplasms
  2 giant cockroaches
  5 goblins
  6 hobgoblins
  7 jackals
  28 kobolds
  2 quokkas
  6 bats
  2 frilled lizards (D:3)
  7 rats
347 creatures vanquished.

Notes
Turn   | Place    | Note
-------+----------+-------------------------------------------
     0 | D:1      | Orlauf the Demonspawn Gladiator began the quest for the
                  | Orb.
     0 | D:1      | Reached XP level 1. HP: 16/16 MP: 1/1
   127 | D:1      | Gained mutation: You are faintly shadowed, very rarely
                  | releasing foul flame when damaged in melee. [demonic
                  | ancestry]
   127 | D:1      | Reached XP level 2. HP: 20/22 MP: 2/2
   271 | D:1      | Found Bilerid's Magic Scroll Emporium.
   601 | D:2      | Gained mutation: A meltable shield of frost defends you.
                  | (SH +4) [demonic ancestry]
   601 | D:2      | Reached XP level 3. HP: 28/28 MP: 3/3
  1389 | D:3      | Found a broken altar of Ashenzari.
  1435 | D:3      | Noticed an ogre
  1448 | D:3      | Killed an ogre
  1449 | D:3      | Gained mutation: You are partially covered in large bone
                  | plates. (SH +4) [demonic ancestry]
  1449 | D:3      | Reached XP level 4. HP: 11/35 MP: 4/4
  1449 | D:3      | Reached XP level 5. HP: 13/41 MP: 5/5
  1658 | D:3      | Noticed Jessica
  1668 | D:3      | Killed Jessica
  2477 | D:4      | Found a transporter.
  2484 | D:4      | Reached skill level 5 in Axes
  2495 | D:4      | Noticed a small abomination
  2501 | D:4      | Found a transporter.
  2571 | D:4      | Found a one-way gate to the infinite horrors of the Abyss.
  2571 | D:4      | Noticed DrKenneth's ghost (amateur MiFi)
  2653 | D:4      | Gained mutation: You are mostly covered in large bone
                  | plates. (SH +6) [demonic ancestry]
  2653 | D:4      | Reached XP level 6. HP: 46/48 MP: 6/6
  2762 | D:4      | Found a burning altar of Makhleb.
  3032 | D:4      | Gained mutation: You are completely covered in large bone
                  | plates. (SH +8) [demonic ancestry]
  3032 | D:4      | Reached XP level 7. HP: 55/55 MP: 7/7
  3128 | D:5      | Entered Level 5 of the Dungeon
  3161 | D:5      | Reached skill level 5 in Fighting
  3541 | D:5      | Gained mutation: Your touch may inflict minor irresistible
                  | damage on your foes. [demonic ancestry]
  3541 | D:5      | Reached XP level 8. HP: 56/64 MP: 8/8
  3646 | D:5      | Found an ancient bone altar of Kikubaaqudgha.
  4073 | D:6      | Found Qehiciusk's Book Shoppe.
  4140 | D:6      | Found a transporter.
  4146 | D:6      | Noticed DasBelly's ghost (novice TrSh)
  4147 | D:6      | Found a transporter.
  5172 | D:7      | Noticed Maggie
  5190 | D:7      | Reached XP level 9. HP: 35/73 MP: 8/13
  5205 | D:7      | Killed Maggie
  5336 | D:7      | Reached XP level 10. HP: 58/77 MP: 14/14
  5402 | D:7      | Found a staircase to the Ecumenical Temple.
  5423 | Temple   | Entered the Ecumenical Temple
  5434 | Temple   | Became a worshipper of Uskayaw the Reveller
  5472 | D:7      | Reached * piety under Uskayaw
  5475 | D:7      | Reached ** piety under Uskayaw
  5495 | D:7      | Reached *** piety under Uskayaw
  5700 | D:7      | Reached **** piety under Uskayaw
  5934 | D:7      | Found an ornate altar of the Wu Jian Council.
  6119 | D:8      | Noticed a gargoyle
  6128 | D:8      | Killed a gargoyle
  6288 | D:8      | Found a shimmering blue altar of Sif Muna.
  6334 | D:8      | Noticed Jeremiah
  6348 | D:8      | Reached ***** piety under Uskayaw
  6376 | D:8      | Gained mutation: You are clumsy. (Dex -2) [potion of
                  | mutation]
  6376 | D:8      | Lost mutation: You are clumsy. (Dex -2) [potion of
                  | mutation]
  6376 | D:8      | Gained mutation: Your flesh is heat resistant. (rF+)
                  | [potion of mutation]
  6410 | D:8      | Killed Jeremiah
  6468 | D:8      | Noticed a two-headed ogre
  6569 | D:8      | Killed a two-headed ogre
  6570 | D:8      | Reached skill level 10 in Fighting
  6690 | D:8      | Found a staircase to the Lair.
  6954 | D:8      | Noticed Joseph
  6964 | D:8      | Killed Joseph
  7339 | D:9      | Gained mutation: You are shadowed, sometimes releasing foul
                  | flame when damaged in melee. [demonic ancestry]
  7339 | D:9      | Reached XP level 11. HP: 92/92 MP: 15/15
  7361 | D:9      | Reached ****** piety under Uskayaw
  7391 | D:9      | Found a staircase to the Orcish Mines.
  8016 | D:9      | Found a snail-covered altar of Cheibriados.
  8138 | D:10     | Entered Level 10 of the Dungeon
  8213 | D:10     | Noticed a boulder beetle
  8228 | D:10     | Killed a boulder beetle
  8413 | D:10     | Noticed a two-headed ogre
  8423 | D:10     | Killed a two-headed ogre
  9261 | D:11     | Found Waer Ere's Magic Scroll Boutique.
  9265 | D:11     | Bought a scroll of brand weapon for 133 gold pieces
  9328 | D:11     | Noticed a boulder beetle
  9340 | D:11     | Killed a boulder beetle
  9341 | D:11     | Reached skill level 5 in Armour
  9521 | D:11     | Noticed a two-headed ogre
  9530 | D:11     | Killed a two-headed ogre
  9644 | D:11     | Found a hide-covered altar of Uskayaw.
  9833 | D:12     | Noticed a deep elf pyromancer
  9866 | D:12     | Noticed a skeletal warrior
  9884 | D:12     | Killed a skeletal warrior
  9889 | D:12     | Noticed a skeletal warrior
  9895 | D:12     | Noticed a skeletal warrior
  9923 | D:12     | Killed a skeletal warrior
 10055 | D:12     | Killed a deep elf pyromancer
 10056 | D:12     | Reached XP level 12. HP: 91/103 MP: 17/17
 10712 | D:12     | Noticed a boulder beetle
 10725 | D:12     | Killed a boulder beetle
 10901 | D:12     | Noticed a two-headed ogre
 10906 | D:12     | Killed a two-headed ogre
 11150 | Lair:1   | Entered Level 1 of the Lair of Beasts
 11164 | Lair:1   | Found a gate leading to a gauntlet.
 11173 | Gauntlet | Entered a Gauntlet
 11173 | Gauntlet | Noticed a tengu warrior
 11173 | Gauntlet | Found a transporter.
 11173 | Gauntlet | Found a transporter.
 11173 | Gauntlet | Found a runed translucent gate.
 11175 | Gauntlet | Found a runed translucent gate.
 11177 | Gauntlet | Found a runed translucent gate.
 11186 | Gauntlet | Found a transporter.
 11199 | Gauntlet | Found a large runed translucent door.
 11200 | Gauntlet | Found a large runed translucent door.
 11200 | Gauntlet | Found a large runed translucent door.
 11200 | Gauntlet | Found a large runed translucent door.
 11201 | Gauntlet | Found a large runed translucent door.
 11201 | Gauntlet | Found a large runed translucent door.
 11201 | Gauntlet | Found a large runed translucent door.
 11201 | Gauntlet | Found a large runed translucent door.
 11202 | Gauntlet | Found a runed translucent door.
 11202 | Gauntlet | Found a runed translucent gate.
 11203 | Gauntlet | Found a transporter.
 11203 | Gauntlet | Found a runed translucent gate.
 11203 | Gauntlet | Found a transporter.
 11203 | Gauntlet | Found a transporter.
 11203 | Gauntlet | Noticed a blizzard demon
 11204 | Gauntlet | Found a runed translucent door.
 11204 | Gauntlet | Found a runed translucent gate.
 11206 | Gauntlet | Found a transporter.
 11206 | Gauntlet | Found a transporter.
 11219 | Gauntlet | Found a transporter.
 11236 | Gauntlet | Found a transporter.
 11246 | Gauntlet | Found a transporter.
 11262 | Gauntlet | Found a transporter.
 11265 | Gauntlet | Noticed an entropy weaver
 11297 | Gauntlet | Found a large runed translucent door.
 11298 | Gauntlet | Found a large runed translucent door.
 11299 | Gauntlet | Found a large runed translucent door.
 11299 | Gauntlet | Found a large runed translucent door.
 11299 | Gauntlet | Found a large runed translucent door.
 11299 | Gauntlet | Found a large runed translucent door.
 11300 | Gauntlet | Found a large runed translucent door.
 11300 | Gauntlet | Found a large runed translucent door.
 11306 | Gauntlet | Found a transporter.
 11312 | Gauntlet | Found a runed translucent door.
 11316 | Gauntlet | Found a runed translucent door.
 11320 | Gauntlet | Found a transporter.
 11354 | Gauntlet | Identified the ring of Geawiqiy {rPois Will+ Str+3 Int+6}
 11494 | Gauntlet | Killed a blizzard demon
 11501 | Gauntlet | Identified the ring "Sor Voe" {^Drain rF+ rC+ rN++ rCorr}
 11686 | Gauntlet | Identified the +9 war axe of Disarray {drain, ^Fragile MP+9
                  | Int+2 SInv}
 11686 | Gauntlet | Noticed a minotaur
 11695 | Gauntlet | Killed a minotaur
 11712 | Gauntlet | Got the Dissertation on Xanthotic Translocation
 13119 | Lair:2   | Reached XP level 13. HP: 107/111 MP: 20/20
 13120 | Lair:2   | Reached skill level 10 in Invocations
 13212 | Lair:2   | Found a staircase to the Snake Pit.
 13430 | Lair:2   | Noticed Sonja
 13439 | Lair:2   | Killed Sonja
 13876 | Lair:3   | Noticed Nergalle
 13888 | Lair:3   | Killed Nergalle
 13898 | Lair:3   | HP: 5/103 [elephant (11)]
 13899 | Lair:3   | Noticed Amaemon
 13902 | Lair:3   | Killed from afar by a bog body

Illustrated notes

Levels and vault maps discovered:
D:1:      saegor_arrival_simple_d, layout_rooms, serial_shops,
          nicolae_shop_tiny_statue_garden
D:2:      layout_loops_ring
D:3:      layout_loops_corners, mainiacjoe_overflow_small_starburst,
          chequers_serial_rivers_micro_b, minmay_crystal_room, uniq_jessica
D:4:      layout_gridville, bloody_makhleb, gammafunk_ghost_abyssal_escape
D:5:      layout_cave_pools, mainiacjoe_overflow_catwalk
D:6:      layout_basic, serial_shops, nicolae_shop_trees, gammafunk_ghost_smash
D:7:      layout_loops_ring, nicolae_overflow_hidden_temple,
          minmay_temple_entry_slanted, uniq_maggie
D:8:      layout_loops_ring, lemuel_crystal_altar, lair_entry_dummy,
          special_room [special_room_orc], kennysheep_donut, uniq_jeremiah,
          uniq_joseph
D:9:      layout_loops_ring, kennysheep_mini_moat,
          lemuel_coloured_pillars_altar, hiddenorc1_lemuel,
          amcnicky_mini_pool_small, minmay_misc_feat_alley
D:10:     layout_stronghold
D:11:     layout_roguey, serial_shops, shop, nicolae_uskayaw_dance_studio
D:12:     layout_loops_cross, minmay_puff
Temple:   nicolae_temple_bog_church
Lair:1:   layout_gridlike, gauntlet_entry_generic
Lair:2:   layout_regular_city, guppyfry_snake_entry_garden,
          infiniplex_staircase_pool, grunt_megastairs_3, uniq_sonja
Lair:3:   layout_long_grid, skrybe_swamp_entry_bodies, forest_entry_grove,
          serial_bayou_shore_a, uniq_nergalle, uniq_amaemon

Skill      XL: |  1  2  3  4  5  6  7  8  9 10 11 12 13 |
---------------+----------------------------------------+-----
Axes           | 3 4 5 6 7 11 12 13 | 13.6
Fighting       | 3 4 5 8 10 12 13 | 13.4
Armour         | 4 6 8 9 |  9.5
Invocations    | 6 7 9 10 | 10.5
Throwing       | |  1.7
Dodging        | |  2.6

Action                     |  1- 3 |  4- 6 |  7- 9 | 10-12 | 13-15 || total
---------------------------+-------+-------+-------+-------+-------++-------
  Melee: War axe           |    90 |   107 |   200 |       |       ||   397
         Touch             |       |       |    24 |    76 |       ||   100
         Broad axe         |       |       |     8 |   439 |       ||   447
         Battleaxe         |       |       |       |    80 |    64 ||   144
  Throw: Throwing net      |     3 |       |     2 |       |       ||     5
         Dart              |       |     3 |       |     2 |     1 ||     6
 Invoke: Grand Finale      |       |       |       |       |     1 ||     1
  Evoke: Wand              |       |       |     1 |     3 |       ||     4
    Use: Scroll            |     8 |     3 |     4 |     9 |     1 ||    25
         Potion            |       |       |     5 |     5 |     1 ||    11
   Stab: Held in net/web   |     1 |       |       |       |       ||     1
         Paralysed         |       |       |       |    56 |    20 ||    76
 Armour: Leather armour    |    19 |       |       |       |       ||    19
         Ring mail         |    27 |     4 |       |       |       ||    31
         Chain mail        |       |    76 |    61 |       |       ||   137
         Scale mail        |       |     4 |       |       |       ||     4
         Plate armour      |       |       |   131 |   393 |    90 ||   614
  Dodge: Dodged            |    70 |    37 |    66 |   123 |    24 ||   320
  Block: Other             |    11 |    42 |   121 |   236 |    36 ||   446

Table legend: (Time is in decaauts)
 A = Elapsed time spent in this place.
 B = Non-inter-level travel time spent in this place.
 C = Inter-level travel time spent in this place.
 D = Time resting spent in this place.
 E = Time spent auto-exploring this place.
 F = Levels seen in this place.
 G = Mean time per level.
                   A        B        C        D        E       F      G
               +--------+--------+--------+--------+--------+-----+--------+
         Total |  13993 |  13458 |    535 |    683 |  10120 |  17 |  823.1 |
       Dungeon |  11216 |  10773 |    443 |    459 |   8300 |  12 |  934.7 |
        Temple |     21 |     11 |     10 |      0 |      0 |   1 |   21.0 |
          Lair |   2156 |   2076 |     80 |      0 |   1803 |   3 |  718.7 |
      Gauntlet |    599 |    599 |      0 |    224 |     17 |   1 |  599.0 |
               +--------+--------+--------+--------+--------+-----+--------+

Top non-repeatable levels by time:
    D:12: 1385 daAuts
  Lair:2: 1198 daAuts
     D:6: 1115 daAuts
     D:3: 1103 daAuts
     D:8: 997 daAuts
     D:9: 995 daAuts
     D:7: 980 daAuts
     D:5: 952 daAuts
    D:10: 949 daAuts
  Lair:1: 874 daAuts
     D:2: 772 daAuts
     D:4: 713 daAuts
    D:11: 656 daAuts
Gauntlet: 599 daAuts
     D:1: 594 daAuts
